 Dungeon Crawl Stone Soup version 0.30.0-29-ga12c61a403 (webtiles) character file.

Game seed: 2457480295548441353

109 maro1969 the Shooter (level 4, -1/38 HPs)
             Began as a Minotaur Hunter on June 21, 2023.
             Killed from afar by an orc wizard (10 damage)
             ... with a puff of flame
             ... on level 2 of the Dungeon.
             The game lasted 00:06:37 (1087 turns).

maro1969 the Shooter (Minotaur Hunter)              Turns: 1087, Time: 00:06:37

Health: -1/38      AC:  3    Str: 16    XL:     4   Next: 59%
Magic:  12/12      EV: 12    Int:  6    God:
Gold:   73         SH:  5    Dex: 15    Spells: 3/3 levels left

rFire   . . .        a - +1 shortbow
rCold   . . .        (shield currently unavailable)
rNeg    . . .        c - +0 leather armour
rPois   .            (helmet restricted)
rElec   .            (no cloak)
rCorr   .            (no gloves)
SInv    .            (no boots)
Will    .....        i - amulet of reflection
Stlth   +            f - ring of magical power
HPRegen 0.26/turn    (no ring)
MPRegen 0.13/turn

%: reflection
@: no status effects
A: horns 2, retaliatory headbutt
a: no special abilities


You were on level 2 of the Dungeon.
You visited 1 branch of the dungeon, and saw 2 of its levels.

You collected 73 gold pieces.

Inventory:

Hand Weapons
 a - a +1 shortbow (weapon)
Missiles
 g - a throwing net
Armour
 c - a +0 leather armour (worn)
Jewellery
 f - a ring of magical power (left hand)
 i - an amulet of reflection (around neck)
Scrolls
 b - a scroll of immolation
 h - a scroll of teleportation {unknown}
Potions
 d - 2 potions of mutation {unknown}
 e - a potion of flight {unknown}


   Skills:
 + Level 3.0 Fighting
 + Level 6.3 Ranged Weapons
 + Level 0.6 Armour
 + Level 2.2 Dodging
 + Level 0.8 Stealth
 + Level 0.2 Shields


You had 3 spell levels left.
You didn't know any spells.
Your spell library was empty.

Dungeon Overview and Level Annotations

Branches:
Dungeon (2/15)

Altars:
Ashenzari


Innate Abilities, Weirdness & Mutations

You have a pair of horns on your head.
You reflexively headbutt those who attack you in melee.


Message History

There are monsters nearby!
There are monsters nearby!
There are monsters nearby!
There are monsters nearby!
Something hits you but does no damage. Something hits you.
The jackal attacks as you move away!
The jackal bites you but does no damage.
You hear some strange, mumbled words.
Something tries to affect you, but you resist.
The jackal barely misses you.
You see here a worm corpse.
The jackal attacks as you move away!
The jackal bites you but does no damage.
The jackal barely misses you. You furiously retaliate!
You headbutt the jackal!
You kill the jackal!
The jackal attacks as you move away! The jackal barely misses you.
You furiously retaliate!
You headbutt the jackal!
You kill the jackal!
You are too injured to fight recklessly!
Fire: a) +1 shortbow
Press: ? - help, Q - select action, (/) - cycle Shift-Dir - straight line, f - jackal
Aim: a jackal (58% to hit)
You shoot an arrow. The arrow closely misses the jackal.
The jackal barely misses you. You furiously retaliate!
You headbutt the jackal.
Fire: a) +1 shortbow
Press: ? - help, Q - select action, (/) - cycle Shift-Dir - straight line, f/p - jackal
Aim: a jackal (moderately wounded, 58% to hit)
You shoot an arrow. The arrow hits the jackal.
You kill the jackal!
Fire: a) +1 shortbow
Press: ? - help, Q - select action, (/) - cycle Shift-Dir - straight line You shoot an arrow.
You hear some strange, mumbled words.
A magic dart appears from out of thin air!
The magic dart hits you!
* * * LOW HITPOINT WARNING * * *
You hear some strange, mumbled words.
A puff of flame appears from out of thin air!
The puff of flame hits you!
You die...

..#)###..............#
####### ..#.#
#.......######.# ..#)#
#.......### #.# ..#.#
#.........# #.#
..#.###.......#.# #.#
..#...........#.## #.#
###############..# #.#
##.# #.#
#@###.########
#..{.†).......
######†####### ##..##
#..h.## #.....####
#........#####
#....#........
#....#.##...?#


There were no monsters in sight!

Vanquished Creatures
  Jessica (D:2)
  Robin (D:2)
  A worm (D:2)
  A dart slug (D:1)
  2 orcs (D:2)
  2 endoplasms (D:2)
  3 giant cockroaches
  16 goblins
  8 hobgoblins
  6 jackals (D:2)
  3 ball pythons
  2 bats (D:1)
  4 frilled lizards
  4 kobolds (D:1)
  5 rats (D:1)
59 creatures vanquished.

Notes
Turn   | Place    | Note
-------+----------+-------------------------------------------
     0 | D:1      | maro1969 the Minotaur Hunter began the quest for the Orb.
     0 | D:1      | Reached XP level 1. HP: 18/18 MP: 0/0
    90 | D:1      | Reached XP level 2. HP: 25/25 MP: 1/1
   182 | D:1      | Reached skill level 5 in Ranged Weapons
   605 | D:2      | Reached XP level 3. HP: 30/30 MP: 2/2
   755 | D:2      | Noticed Robin
   768 | D:2      | Killed Robin
   772 | D:2      | Reached skill level 6 in Ranged Weapons
   772 | D:2      | Reached XP level 4. HP: 18/37 MP: 3/3
   851 | D:2      | Found a broken altar of Ashenzari.
   980 | D:2      | Noticed Jessica
   989 | D:2      | Killed Jessica
  1087 | D:2      | Killed from afar by an orc wizard

Illustrated notes

Levels and vault maps discovered:
D:1:      ncdulo_smallfort, layout_rooms, nicolae_concentric_dashed_squares_wild
D:2:      layout_basic, basic_altar, uniq_crazy_yiuf_cottage, uniq_robin,
          uniq_jessica

Skill      XL: |  1  2  3  4 |
---------------+-------------+-----
Ranged Weapons | 5 6 |  6.3
Fighting       | 3 |  3.0
Armour         | |  0.6
Dodging        | |  2.2
Stealth        | |  0.8
Shields        | |  0.2

Action                     |  1- 3 |  4- 6 || total
---------------------------+-------+-------++-------
   Fire: Shortbow          |   102 |    31 ||   133
    Use: Scroll            |     3 |       ||     3
 Armour: Leather armour    |     3 |     7 ||    10
  Dodge: Dodged            |    28 |     9 ||    37
  Block: Other             |       |     5 ||     5
